Description

All credits 2 BombsTVEN

Starcraft 2: Simple Terran BO vs All Races

VOD

https://www.youtube.com/watch?v=jxY45xpxLZQ

Build Order

Get SALT Encoding   

  14  0:17  Supply Depot  
  15  0:29  Refinery  
  16  0:45  Barracks  
  19  1:32  Barracks Reactor  
  19  1:33  Orbital Command  
  19  1:42  Command Center  
  19  1:52  Factory  
  20  2:05  Supply Depot  
  23  2:17  Refinery  
  26  2:39  Starport  
  27  2:40  Factory Tech Lab  
  30  2:58  Orbital Command  
  38  3:27  Supply Depot  
  41  3:32  Liberator  
  46  3:49  Supply Depot  
  55  4:12  Supply Depot  
  57  4:24  Barracks x2  
  57  4:26  Starport Reactor  
  58  4:30  Refinery x2  
  58  4:32  Engineering Bay  
  58  3:35  Supply Depot  
  67  4:59  Terran Infantry Weapons Level 1  
  67  5:00  Supply Depot  
  71  5:15  Barracks x2  
  71  5:18  Barracks Tech Lab x2  
  73  5:27  Supply Depot  
  76  5:37  Stimpack, Combat Shields  
  80  5:50  Supply Depot x2  
  87  6:06  Barracks Reactor x2  
  95  6:17  Supply Depot x2  
  102  6:40  Supply Depot x2  
  117  7:05  Supply Depot x2  
  134  7:30  Supply Depot x2  Move - Attack - Win
Spawning Tool Build Advisor. Get it on Overwolf

Analysis

  • Unit build priority: SCV, Tank, Marine, Medivac

  • Only one Liberator to deal dmg early and scout

Go to:

Details

  • Created by: snowak91
  • Published on: Sep 20, 2017
  • Modified on: Sep 20, 2017
  • Patch: 3.15.0
Show
View Real Time Build Order
Export as new Build Order

Comments (0)

There are no comments. Be the first!

Create an account to comment!